 Dungeon Crawl Stone Soup version 0.20-a0-941-gba1b1f9 (webtiles) character file.

25 JeffiDaFish the Covered (level 3, -5/24 HPs)
             Began as a Gargoyle Fighter on Apr 1, 2017.
             Killed from afar by Natasha (6 damage)
             ... with a magic dart
             ... on level 2 of the Dungeon.
             The game lasted 00:02:06 (1105 turns).

JeffiDaFish the Covered (Gargoyle Fighter)          Turns: 1105, Time: 00:02:06

Health: -5/24      AC: 13    Str: 15 (19) XL:     3   Next: 4%
Magic:  3/3        EV:  4    Int:  7 (8)  God:
Gold:   60         SH:  8    Dex:  7 (10) Spells: 2/2 levels left

rFire    . . .     SeeInvis +   a - +0 flail
rCold    . . .     Gourm    .   c - +0 shield
rNeg     + . .     Faith    .   i - +1 chain mail
rPois    ∞         Spirit   .   (helmet restricted)
rElec    +         Reflect  .   (no cloak)
rCorr    .         Harm     .   (no gloves)
MR       .....     Rnd*Tele +   (no boots)
Stlth    ..........             (no amulet)
Regen    0.1/turn               e - ring of teleportation
MPRegen  0.1/turn               b - ring of see invisible

@: no status effects
A: horns 1, deterioration 1, negative energy resistance 1, electricity
resistance, unbreathing, petrification resistance, rot immunity, subdued magic
1, AC +3
a: no special abilities


You were on level 2 of the Dungeon.
You were not hungry.

You visited 1 branch of the dungeon, and saw 2 of its levels.

You collected 60 gold pieces.

Inventory:

Hand Weapons
 a - a +0 flail (weapon)
Armour
 c - a +0 shield (worn)
 i - a +1 chain mail (worn)
Jewellery
 b - a ring of see invisible (right hand)
 e - a ring of teleportation (left hand)
Potions
 d - a potion of might
Comestibles
 f - a bread ration
 g - a chunk of flesh


   Skills:
 + Level 3.7 Fighting
 + Level 2.2 Maces & Flails
 + Level 3.7 Armour
 + Level 3.5 Shields


You had 2 spell levels left.
You didn't know any spells.

Dungeon Overview and Level Annotations

Branches:
Dungeon (2/15)

Altars:

Annotations:
D:2 Natasha


Innate Abilities, Weirdness & Mutations

You are resistant to torment.
Your stone body is resilient. (AC +3)
You are immune to poison.
You resist negative energy. (rN+)
You are resistant to electric shocks. (rElec)
You can survive without breathing.
You are immune to petrification.
You are immune to rotting.
You have a pair of small horns on your head.
Your body sometimes deteriorates upon taking damage.
Your spells are a little easier to cast, but a little less powerful.


Message History

You block Natasha's attack. Natasha claws you but does no damage.
You miss Natasha.
Natasha is severely wounded.
You block Natasha's attack.
You closely miss Natasha. Your headbutt misses Natasha.
Natasha is severely wounded.
Natasha claws you but does no damage.
Your chain mail prevents you from hitting Natasha.
Natasha is severely wounded.
Natasha barely misses you. Natasha claws you but does no damage.
You miss Natasha.
Natasha is severely wounded.
Natasha claws you.
* * * LOW HITPOINT WARNING * * *
Your body deteriorates!
You feel clumsy.
You barely miss Natasha.
Natasha is severely wounded.
Natasha stares at you and mumbles some strange words.
The magic dart hits you!
You die...

######
#...<#
#.####
##.###
#....# .
#..?.#
...###....#
..........#
.......@..#
.......h..#
.........##
.........#
##.......#
.........#
##########


You could see Natasha.

Vanquished Creatures
  2 leopard geckos (D:1)
  2 giant cockroaches (D:1)
  3 goblins (D:1)
  4 hobgoblins
  2 kobolds (D:1)
  3 bats (D:1)
  4 rats (D:1)
20 creatures vanquished.

Notes
Turn   | Place    | Note
-------+----------+-------------------------------------------
     0 | D:1      | JeffiDaFish the Gargoyle Fighter began the quest for the Orb.
     0 | D:1      | Reached XP level 1. HP: 14/14 MP: 1/1
   226 | D:1      | Reached XP level 2. HP: 19/19 MP: 2/2
   361 | D:1      | Gained mutation: Your body sometimes deteriorates upon taking damage. [potion of mutation]
   361 | D:1      | Gained mutation: Your spells are a little easier to cast, but a little less powerful. [potion of mutation]
   361 | D:1      | Gained mutation: You have a pair of small horns on your head. [potion of mutation]
  1076 | D:1      | Reached XP level 3. HP: 23/23 MP: 3/3
  1087 | D:2      | Noticed Natasha
  1104 | D:2      | HP: 1/24 [Natasha (6)]
  1105 | D:2      | Killed from afar by Natasha

Vault maps used:
D:1:      lightli_arrival_farm, corner_web_ring, kennysheep_boxes
D:2:      nicolae_overflow_crystal_walls, st_stairs_1, uniq_natasha

Action                   || total
-------------------------++-------
Melee: Flail             ||   105
       Headbutt          ||     7
  Use: Scroll            ||     7
       Potion            ||     4
  Eat: Chunk             ||     1
Armor: Scale mail        ||     8
       Chain mail        ||    78
Dodge: Dodged            ||    30
Block: Shield            ||    59
